 Dungeon Crawl Stone Soup version 0.21.1-1-g345015f (webtiles) character file.

37 letownia2 the Changer (level 3, 0/26 HPs)
             Began as a Merfolk Transmuter on Mar 19, 2018.
             Slain by an ooze (5 damage)
             ... on level 3 of the Dungeon.
             The game lasted 00:02:15 (344 turns).

letownia2 the Changer (Merfolk Transmuter)           Turns: 344, Time: 00:02:16

Health: 0/26       AC:  2    Str: 11    XL:     3   Next: 39%
Magic:  6/6        EV: 13    Int: 12    God:
Gold:   10         SH:  0    Dex: 14    Spells: 0/6 levels left

rFire    . . .     SeeInvis .     - Unarmed
rCold    . . .     Gourm    .   (no shield)
rNeg     . . .     Faith    .   b - +0 robe
rPois    .         Spirit   .   (no helmet)
rElec    .         Reflect  .   (no cloak)
rCorr    .         Harm     .   (no gloves)
MR       .....                  (no boots)
Stlth    +.........             (no amulet)
HPRegen  0.08/turn              (no ring)
MPRegen  0.10/turn              (no ring)

@: lethally poisoned (0 -> -3)
A: change form in water, swift swim, stealthy swim
a: no special abilities


You were on level 3 of the Dungeon.
You were not hungry.

You visited 1 branch of the dungeon, and saw 3 of its levels.

You collected 10 gold pieces.

Inventory:

Missiles
 a - 10 arrows
Armour
 b - a +0 robe (worn)
Scrolls
 e - 2 scrolls of identify {unknown}
Potions
 g - a potion of curing {unknown}
Books
 c - a book of Changes

   Spells                             Type                      Level
   a - Beastly Appendage              Transmutation                1
   b - Sticks to Snakes               Transmutation                2
   c - Spider Form                    Transmutation/Poison         3
   d - Ice Form                       Ice/Transmutation            4
   e - Blade Hands                    Transmutation                5
Comestibles
 d - a ration


   Skills:
 - Level 1.1 Fighting
 - Level 2.6 Dodging
 - Level 3.2 Unarmed Combat
 - Level 2.0 Spellcasting
 - Level 4.5 Transmutations
 + Level 1.3 Poison Magic


You couldn't memorise any spells.
You knew the following spells:

 Your Spells              Type           Power        Failure   Level  Hunger
a - Beastly Appendage     Tmut           ##....       4%          1    ##.....
l - Sticks to Snakes      Tmut           ##......     6%          2    ###....
p - Spider Form           Tmut/Pois      #.........   24%         3    ####...


Dungeon Overview and Level Annotations

Branches:
Dungeon (3/15)

Altars:
Dithmenos
Qazlal


Message History

You feel invigorated. The ooze hits you.
* * * LOW HITPOINT WARNING * * *
A frilled lizard comes into view.
You feel sick. The ooze barely misses you. The ooze barely misses you.
The ooze hits you but does no damage.
You feel less invigorated.
You feel less confused. The ooze hits you.
You feel sick. The ooze hits you.
* * * LOW HITPOINT WARNING * * *
The ooze completely misses you. The frilled lizard closely misses you.
The ooze hits you.
* * * LOW HITPOINT WARNING * * *
You miss the frilled lizard. The frilled lizard barely misses you.
The ooze misses you.
Unknown command.
You closely miss the frilled lizard. The frilled lizard barely misses you.
The ooze hits you.
You die...

......># (.....#
.%... ...
.#######.#
.........#
.........#
..≈§≈§.lJ#
###≈§...@#
≈≈≈#§§.......#
§.≈§≈...####...§
._≈#....# .§
≈≈≈.≈..#
≈≈#≈..$# ≈≈≈....
......


You could see an ooze and a frilled lizard.

Vanquished Creatures
  A leopard gecko (D:1)
  4 bats (D:1)
  A giant cockroach (D:1)
  A goblin (D:1)
  6 hobgoblins (D:1)
  3 jackals (D:1)
  3 frilled lizards (D:1)
  2 kobolds (D:1)
  3 rats (D:1)
24 creatures vanquished.

Vanquished Creatures (collateral kills)
  An adder (D:3)
  A giant cockroach (D:3)
2 creatures vanquished.

Grand Total: 26 creatures vanquished

Notes
Turn   | Place    | Note
-------+----------+-------------------------------------------
     0 | D:1      | letownia2 the Merfolk Transmuter began the quest for the Orb.
     0 | D:1      | Reached XP level 1. HP: 15/15 MP: 3/3
    31 | D:1      | Reached skill level 3 in Transmutations
    91 | D:1      | Reached XP level 2. HP: 18/21 MP: 3/5
   137 | D:1      | Reached skill level 4 in Transmutations
   170 | D:1      | Learned a level 2 spell: Sticks to Snakes
   218 | D:1      | Reached XP level 3. HP: 13/26 MP: 4/6
   223 | D:1      | Learned a level 3 spell: Spider Form
   319 | D:3      | Found a stormy altar of Qazlal.
   326 | D:3      | Found a shadowy altar of Dithmenos.
   333 | D:3      | HP: 1/26 [poisoned by an adder]
   333 | D:3      | Reached skill level 1 in Poison Magic
   344 | D:3      | Slain by an ooze

Skill      XL: |  1  2  3 |
---------------+----------+-----
Transmutations | 3 4 |  4.5
Poison Magic   | 1 |  1.3
Fighting       | |  1.1
Dodging        | |  2.6
Unarmed Combat | |  3.2
Spellcasting   | |  2.0

Action                   || total
-------------------------++-------
Melee: Unarmed           ||    79
       Headbutt          ||    10
       Punch             ||     1
 Cast: Beastly Appendage ||     9
       Sticks to Snakes  ||     2
  Use: Potion            ||     1
Armor: Robe              ||    12
Dodge: Dodged            ||    78
